 Dungeon Crawl Stone Soup version 0.28.0-53-g5a82cb258f (webtiles) character file.

Game seed: 343521974122892545

1071 Zeld the Changer (level 8, -8/72 (79) HPs)
             Began as a Pale Draconian Transmuter on May 21, 2022.
             Killed from afar by an acid dragon (11 damage)
             ... with a splash of acid
             ... on level 6 of the Dungeon.
             The game lasted 00:04:51 (6491 turns).

Zeld the Changer (Pale Draconian Transmuter)        Turns: 6491, Time: 00:04:52

HP:   -8/72 (79)    AC: -1    Str: 15    XL:     8   Next: 7%
MP:   10/15         EV: 10    Int: 13    God:
Gold: 190           SH:  0    Dex: 12    Spells: 7/17 levels left

rFire   x . .      SeeInvis +     - Unarmed
rCold   + + +      Faith    .   (shield currently unavailable)
rNeg    . . .      Spirit   .   (armour unavailable)
rPois   +          Reflect  .   (helmet currently unavailable)
rElec   .          Harm     .   (cloak currently unavailable)
rCorr   .          Rampage  .   (gloves currently unavailable)
Will    .....                   (boots currently unavailable)
Stlth   +.........              (no amulet)
HPRegen 0.22/turn               k - ring of see invisible
MPRegen 0.14/turn               (no ring)

@: ice-form, corroded, very slightly contaminated, drained, invisible
A: freezing attack, amphibious, boosted hp, (breathe steam), AC +6, large,
unfitting armour, (cold-blooded), (steam resistance)
a: End Transformation


You were on level 6 of the Dungeon.
You were a creature of crystalline ice.
You visited 1 branch of the dungeon, and saw 6 of its levels.

You collected 190 gold pieces.

Inventory:

Armour
 d - a +0 pair of boots (melded)
 o - a scarf of invisibility (melded)
 r - a +1 pair of gloves (melded)
Jewellery
 k - a ring of see invisible (left front paw)
Scrolls
 a - 3 scrolls of fog {unknown}
 f - 5 scrolls of identify {unknown}
 g - a scroll of silence {unknown}
 j - a scroll of fear {unknown}
 p - a scroll of teleportation {unknown}
Potions
 b - 3 potions of flight {unknown}
 c - 3 potions of lignification {unknown}
 e - a potion of heal wounds {unknown}
 h - a potion of magic {unknown}
 i - 3 potions of curing {unknown}
 l - a potion of invisibility {unknown}
 m - a potion of attraction {unknown}
 n - a potion of berserk rage {unknown}
 q - a potion of degeneration {unknown}


   Skills:
 + Level 4.0 Fighting
 + Level 3.5 Dodging
 - Level 3.0 Unarmed Combat
 * Level 5.0 Spellcasting
 * Level 5.4 Transmutations
 - Level 2.0 Ice Magic
 - Level 2.0 Poison Magic
 * Level 0.6 Evocations


You had 7 spell levels left.
You knew the following spells:

 Your Spells              Type           Power      Damage    Failure   Level
a - Beastly Appendage     Tmut           34%        N/A       1%          1
b - Wereblood             Tmut           17%        N/A       3%          2
c - Spider Form           Tmut/Pois      12%        N/A       12%         3
d - Ice Form              Ice/Tmut       12%        N/A       38%         4

Your spell library contained the following spells:

 Spells                   Type           Power      Damage    Failure   Level
 Shock                    Conj/Air       12%        1d3       19%         1
 Ensorcelled Hibernation  Hex/Ice        10%        N/A       19%         2
 Swiftness                Air            3%         N/A       50%         3
 Airstrike                Air            1%         N/A       88%         4
 Anguish                  Hex/Necr       1%         N/A       88%         4


Dungeon Overview and Level Annotations

Branches:
Dungeon (6/15)
 Temple: D:4-7

Altars:
Trog
Yredelemnul


Innate Abilities, Weirdness & Mutations

You are a creature of crystalline ice.
You have a powerful freezing melee attack.
You are amphibious.
Your maximum health is increased.
Your armour is entirely melded.
You are incapable of wielding weapons or throwing items.
((You can breathe blasts of scalding, opaque steam.))
((Your pale cyan-grey scales are hard. (AC +6)))
You cannot fit into any form of body armour.
((You are cold-blooded and may be slowed by cold attacks.))
((You are immune to the effects of steam.))


Message History

You are very lightly contaminated with residual magic.
The acid dragon spits acid at you. The splash of acid misses you.
Okay, then.
The acid dragon barely misses you. The acid dragon claws you.
Casting: Ice Form (quite dangerous; 38% risk of failure)
Confirm with . or Enter, or press ? or * to list all spells.
The spell is quite dangerous to miscast (38% risk of failure)!
Continue anyway?
Okay, then.
Casting: Ice Form (quite dangerous; 38% risk of failure)
Confirm with . or Enter, or press ? or * to list all spells.
The spell is quite dangerous to miscast (38% risk of failure)!
Continue anyway?
You turn into a creature of crystalline ice.
Your scarf of invisibility melds into your body.
Your +1 pair of gloves melds into your body.
Your +0 pair of boots melds into your body.
The acid dragon spits acid at you. The splash of acid hits you!!
* * * LOW HITPOINT WARNING * * *
The acid corrodes you!
You hit the acid dragon. You freeze the acid dragon.
The acid dragon is lightly wounded.
The acid dragon closely misses you. The acid dragon barely misses you.
Unknown command.
You hit the acid dragon but do no damage.
The acid dragon is lightly wounded.
The acid dragon bites you.
* * * LOW HITPOINT WARNING * * *
The acid dragon barely misses you.
Unknown command.
Unknown command.
You hit the acid dragon but do no damage.
The acid dragon is lightly wounded.
The acid dragon misses you. The acid dragon closely misses you.
Unknown command.
You hit the acid dragon but do no damage.
The acid dragon is lightly wounded.
The acid dragon spits acid at you. The splash of acid hits you!
You die...

#.#......+....##.#..#+#.#.
#.#......####....#.#.#.#.#
#.............#.....#.#.#.
#.#.#.#.....#.#....#.#.#.#
#.#...D...###D#.#.....#.#.#.
#....##.#.#.#.#.# ...#.#.#.#
#......#...#.#.#.#.#
...#.#.#.
#......#.###.#.#.#.#
..#.#.#.# #...>..#.#
#.#Y#.#.# .##### #...!..#.#
#>#D#.#.# #D.....#.# #.#.#.#
#......#.# .#...# #......#.#
##### #+#


You could see an acid dragon (catching breath).

Vanquished Creatures
  A troll (D:5)
  Menkaure (D:5)
  An ice beast (D:5)
  A phantom (D:5)
  A bullfrog (D:6)
  A scorpion (D:4)
  A water moccasin skeleton (D:6)
  A jelly (D:6)
  A bullfrog zombie (D:5)
  2 hounds
  An orc priest (D:5)
  2 orc wizards
  2 iguanas (D:5)
  8 adders
  An ufetubus (D:5)
  An adder zombie (D:3)
  2 worms
  3 dart slugs
  11 orcs
  9 ball pythons
  4 bats (D:1)
  7 endoplasms
  2 giant cockroaches
  6 goblins
  6 hobgoblins
  2 quokkas
  A ball python skeleton (D:3)
  2 frilled lizards (D:2)
  5 kobolds
  6 rats
92 creatures vanquished.

Vanquished Creatures (others)
  32 plants (D:5)
32 creatures vanquished.

Grand Total: 124 creatures vanquished

Notes
Turn   | Place    | Note
-------+----------+-------------------------------------------
     0 | D:1      | Zeld the Draconian Transmuter began the quest for the Orb.
     0 | D:1      | Reached XP level 1. HP: 16/16 MP: 3/3
   279 | D:1      | Reached XP level 2. HP: 23/23 MP: 3/5
   282 | D:1      | Learned a level 2 spell: Wereblood
   723 | D:1      | Found a faded altar of an unknown god.
   966 | D:1      | Reached XP level 3. HP: 27/28 MP: 4/6
   970 | D:1      | Learned a level 3 spell: Spider Form
  2403 | D:3      | Reached skill level 1 in Ice Magic
  2430 | D:3      | Found a bloodstained altar of Trog.
  2536 | D:3      | Reached XP level 4. HP: 36/36 MP: 5/7
  3153 | D:4      | Found a basalt altar of Yredelemnul.
  3383 | D:4      | Reached skill level 1 in Poison Magic
  3383 | D:4      | Reached XP level 5. HP: 22/38 MP: 7/9
  3933 | D:4      | Learned a level 4 spell: Ice Form
  4108 | D:5      | Entered Level 5 of the Dungeon
  4127 | D:5      | Noticed a troll
  4143 | D:5      | Killed a troll
  4144 | D:5      | Reached XP level 6. HP: 12/51 MP: 7/11
  4524 | D:5      | Your scales start taking on a pale cyan-grey colour.
  4524 | D:5      | Reached XP level 7. HP: 46/57 MP: 7/13
  4524 | D:5      | Gained mutation: You are immune to the effects of steam.
                  | [Pale Draconian growth]
  5175 | D:5      | Noticed Menkaure
  5178 | D:5      | Killed Menkaure
  5179 | D:5      | Reached skill level 5 in Transmutations
  5283 | D:5      | Found Vyniny's Book Shoppe.
  6186 | D:6      | Reached XP level 8. HP: 62/66 MP: 10/15
  6213 | D:6      | Reached skill level 5 in Spellcasting
  6489 | D:6      | HP: 3/72 [acid dragon (4)]
  6491 | D:6      | Killed from afar by an acid dragon

Illustrated notes

Levels and vault maps discovered:
D:1:      onia_arrival_pyramid, layout_loops_ring,
          nicolae_ecumenical_snake_handling
D:2:      layout_basic
D:3:      layout_basic, marbit_many_paths, serial_undead, serial_undead_c,
          serial_undead_d, serial_undead_c, serial_undead_c
D:4:      layout_basic, mainiacjoe_overflow_boulevard
D:5:      layout_loops_corners, serial_shops, shop,
          chequers_serial_rivers_large_a, grunt_ministairs_9,
          serial_bayou_lagoon_a, uniq_menkaure
D:6:      layout_basic, nicolae_overflow_crystal_walls,
          minmay_temple_entry_enclosed_plants, serial_shops,
          nicolae_inconvenience_store

Skill      XL: |  1  2  3  4  5  6  7  8 |
---------------+-------------------------+-----
Dodging        | 2 3 |  3.5
Ice Magic      | 1 2 |  2.0
Transmutations | 3 4 5 |  5.4
Fighting       | 2 3 4 |  4.0
Poison Magic   | 1 2 |  2.0
Spellcasting   | 3 4 5 |  5.0
Unarmed Combat | |  3.0
Evocations     | |  0.6

Action                   |  1- 3 |  4- 6 |  7- 9 || total
-------------------------+-------+-------+-------++-------
Melee: Unarmed           |    88 |   103 |    89 ||   280
       Tailslap          |    10 |     5 |     4 ||    19
       Kick              |    22 |    10 |     5 ||    37
       Headbutt          |     9 |     7 |     2 ||    18
       Punch             |     1 |       |       ||     1
 Cast: Beastly Appendage |    31 |    18 |     3 ||    52
       Spider Form       |       |     6 |     7 ||    13
       Ice Form          |       |     1 |     4 ||     5
 Abil: Breathe Steam     |       |       |     4 ||     4
       Evoke Invisibilit |       |       |     1 ||     1
 Stab: Sleeping          |       |       |     1 ||     1
Armor: Skin              |    32 |    22 |    20 ||    74
Dodge: Dodged            |    66 |    79 |    51 ||   196
